Map: Ruins of Seras

Players

iaguz

  • Race: Terran Terran

MillMlorD (MarineLorD) - Winner!

  • Race: Terran Terran

Event: NationWars III

VOD

Have the link to the VOD?

Description

Time

  • Played on: Dec. 5, 2015, 2 p.m.
  • Length: 10:34

All games in this series

Show
View Real Time Build Order
Export as new Build Order

iaguz Terran 

Build Orders: Bio Tank, MMM Bio 

Get SALT Encoding   

  12  0:01  SCV  
  13  0:13  SCV  
  14  0:18  Supply Depot  
  14  0:25  SCV  
  15  0:39  SCV  
  15  0:41  Barracks  
  16  0:45  Refinery  
  16  0:51  SCV  
  17  1:04  SCV  
  18  1:16  SCV  
  19  1:28  Orbital Command  
  19  1:30  Barracks Reactor  
  19  1:45  Command Center  
  19  1:54  SCV  
  19  1:56  Supply Depot  
  20  2:07  Marine x2  
  22  2:08  SCV  
  23  2:20  SCV  
  23  2:22  Factory  
  24  2:25  Marine x2  
  26  2:33  SCV  
  27  2:43  Marine x2  
  29  2:45  SCV  
  30  2:57  SCV, Orbital Command  
  31  3:07  Starport  
  31  3:09  SCV  
  32  3:14  Hellion x2, Marine  
  32  3:17  Supply Depot  
  37  3:21  SCV  
  37  3:23  SCV  
  39  3:33  Marine  
  40  3:35  Hellion x2  
  40  3:38  SCV x2  
  46  3:43  Medivac  
  46  3:44  Supply Depot  
  48  3:50  SCV x2  
  48  3:54  Marine  
  51  3:56  Hellion  
  53  4:03  SCV  
  53  4:06  SCV, Hellion, Refinery  
  57  4:10  Supply Depot  
  57  4:14  Barracks Tech Lab  
  57  4:15  SCV  
  58  4:18  SCV  
  59  4:27  SCV  
  59  4:30  SCV  
  61  4:32  Refinery, Barracks  
  61  4:33  Supply Depot, Barracks  
  61  4:37  Marine  
  61  4:38  Stimpack  
  62  4:39  SCV  
  62  4:42  SCV  
  62  4:51  Factory Tech Lab, SCV  
  63  4:54  SCV  
  59  5:03  SCV  
  59  5:07  SCV  
  53  5:10  Marine  
  53  5:12  Siege Tank, Medivac  
  54  5:16  SCV  
  54  5:19  SCV  
  54  5:20  Barracks  
  54  5:21  Barracks  
  56  5:22  Barracks Tech Lab  
  56  5:28  SCV, Marine  
  57  5:30  Refinery, Engineering Bay  
  57  5:31  SCV  
  57  5:32  Marine x2  
  61  5:40  SCV  
  61  5:41  Marine  
  61  5:42  Combat Shields, Supply Depot  
  63  5:44  Medivac  
  63  5:45  SCV  
  66  5:50  Marine  
  66  5:51  Marine x2  
  66  5:54  Command Center  
  66  5:57  Terran Infantry Weapons Level 1  
  69  6:02  Siege Tank  
  69  6:04  SCV x2  
  74  6:05  Supply Depot  
  74  6:07  Supply Depot  
  74  6:11  Barracks Reactor x2  
  74  6:17  Supply Depot  
  75  6:18  SCV x2  
  75  6:19  Marine x4  
  78  6:29  Medivac  
  80  6:33  Supply Depot, SCV  
  80  6:37  Marine x3  
  80  6:39  Siege Tank, Marine  
  88  6:40  Supply Depot  
  88  6:51  Marine x3  
  90  6:54  Marine x2  
  90  6:55  Marine  
  90  6:56  Marine  
  90  7:00  Marine  
  94  7:09  Marine x3  
  94  7:12  Marine x3  
  94  7:14  Marine  
  101  7:18  Marine  
  96  7:27  Siege Tank, Marine x3  
  96  7:29  SCV  
  95  7:30  Marine x3  
  95  7:32  Marine  
  95  7:33  Viking  
  95  7:36  Marine  
  102  7:44  Marine x2  
  102  7:45  Marine  
  102  7:48  Marine x3  
  102  7:50  Marine  
  105  7:54  Marine  
  106  8:01  Siege Tank  
  106  8:02  Marine x3  
  112  8:06  Marine x3  
  112  8:09  Medivac  
  112  8:10  Terran Infantry Armor Level 1  
  112  8:11  SCV  
  112  8:12  SCV  
  118  8:14  Supply Depot  
  118  8:16  Supply Depot  
  118  8:17  Supply Depot  
  118  8:19  Marine  
  118  8:28  Supply Depot  
  118  8:36  Siege Tank, Marine x5  
  118  8:38  Supply Depot, Marine x3  
  129  8:41  Supply Depot  
  129  8:43  Medivac  
  129  8:54  Marine x5  
  134  8:55  Marine x2  
  134  9:02  Marine  
  137  9:04  Supply Depot  
  137  9:09  Supply Depot  
  124  9:11  Siege Tank, Marine x5  
  124  9:13  Marine  
  124  9:16  Marine  
  112  9:20  Marine  
  105  9:29  Marine x5  
  105  9:30  Medivac  
  112  9:31  Marine  
  112  9:33  Marine  
  112  9:38  Marine  
  115  9:47  Marine x5  
  115  9:49  Marine  
  115  9:51  Marine  
  122  9:56  Marine  
  123  10:02  Medivac  
  123  10:05  Marine x5  
  133  10:07  Marine  
  133  10:09  Marine  
  133  10:13  Marine  
Show
View Real Time Build Order
Export as new Build Order

MillMlorD Terran - Winner!

Build Orders: Bio Tank 

Get SALT Encoding   

  12  0:00  SCV  
  13  0:12  SCV  
  14  0:17  Supply Depot  
  14  0:24  SCV  
  15  0:39  SCV  
  15  0:40  Barracks  
  16  0:51  SCV  
  17  1:03  SCV  
  18  1:15  Command Center  
  18  1:19  SCV  
  19  1:27  Marine  
  19  1:31  Orbital Command  
  20  1:39  Supply Depot  
  20  1:45  Marine  
  21  1:48  Refinery  
  21  1:52  Refinery  
  21  1:57  SCV  
  22  2:03  Marine  
  23  2:09  SCV  
  24  2:20  Marine  
  24  2:21  SCV  
  26  2:30  Orbital Command  
  26  2:33  SCV  
  26  2:36  Factory  
  27  2:45  Barracks Reactor, SCV  
  28  2:56  SCV  
  28  2:57  SCV  
  30  3:08  SCV  
  30  3:09  SCV  
  30  3:12  Barracks  
  32  3:13  Barracks  
  32  3:19  Factory Tech Lab  
  32  3:20  SCV  
  32  3:21  Marine x2  
  32  3:22  SCV  
  36  3:32  SCV  
  36  3:34  SCV, Starport  
  38  3:37  Cyclone  
  38  3:39  Marine  
  42  3:41  Supply Depot  
  42  3:44  SCV  
  42  3:45  Refinery  
  42  3:46  SCV  
  44  3:50  Supply Depot  
  44  3:56  SCV  
  44  3:58  SCV  
  44  3:59  Barracks Tech Lab  
  44  4:01  Barracks Reactor  
  46  4:03  Marine x2  
  48  4:10  SCV  
  48  4:11  Viking  
  52  4:20  Siege Tank  
  52  4:23  Marine x3  
  57  4:26  SCV  
  57  4:30  SCV  
  59  4:35  Supply Depot  
  59  4:40  Marine x2  
  59  4:42  SCV  
  62  4:56  SCV x2, Marine x3  
  65  5:04  Marine  
  65  5:05  Stimpack, Marine  
  65  5:06  Siege Tank  
  63  5:09  SCV  
  65  5:14  Marine  
  65  5:15  Medivac  
  67  5:22  Command Center  
  67  5:25  Engineering Bay  
  67  5:26  Marine  
  67  5:27  Marine  
  69  5:29  Marine  
  69  5:34  Supply Depot  
  70  5:39  Supply Depot  
  70  5:41  Supply Depot  
  70  5:43  Supply Depot  
  70  5:46  Starport Reactor  
  70  5:51  Terran Infantry Weapons Level 1  
  70  5:56  SCV x2, Siege Tank, Refinery, Marine x3  
  78  6:03  Marine x2  
  80  6:08  SCV x2  
  82  6:14  Marine  
  82  6:17  Barracks  
  82  6:18  Barracks  
  83  6:21  Marine x3  
  83  6:22  SCV  
  83  6:25  Medivac  
  89  6:28  Siege Tank  
  89  6:29  Medivac  
  89  6:30  Marine  
  95  6:34  SCV  
  95  6:36  Orbital Command  
  96  6:42  Marine x2  
  96  6:46  SCV, Marine x2  
  101  6:48  Marine  
  102  6:58  Medivac  
  102  6:59  SCV  
  102  7:00  Marine x2  
  102  7:01  Medivac  
  108  7:04  Marine x2  
  108  7:06  Combat Shields  
  110  7:08  Marine  
  110  7:11  Marine  
  110  7:18  Marine x2  
  110  7:22  Marine x2  
  108  7:24  Orbital Command  
  108  7:29  Barracks Reactor x2, Marine  
  99  7:30  SCV  
  99  7:35  Marine x2  
  101  7:39  Siege Tank  
  101  7:40  Marine x2  
  106  7:45  Terran Infantry Armor Level 1  
  106  7:47  Marine  
  107  7:53  Marine x2  
  107  7:57  Marine  
  107  7:58  Marine  
  106  8:01  SCV x2  
  106  8:02  SCV  
  106  8:05  Marine  
  110  8:07  Marine x4  
  110  8:08  Sensor Tower  
  110  8:11  Marine x2  
  116  8:14  SCV  
  116  8:16  Supply Depot  
  116  8:17  Supply Depot  
  116  8:18  Siege Tank, Marine x2  
  122  8:22  Marine  
  122  8:24  Factory, Medivac  
  125  8:30  Supply Depot  
  125  8:37  Marine x2  
  125  8:38  Medivac, Marine x5  
  125  8:39  Marine  
  125  8:40  Marine  
  135  8:50  Siege Tank  
  135  8:51  Refinery  
  135  8:53  Refinery  
  138  8:55  Marine x6  
  138  8:56  Marine  
  138  8:57  Marine  
  138  8:58  Marine  
  142  9:13  Marine x6  
  142  9:14  Marine x2  
  142  9:16  Marine  
  103  9:27  Factory Tech Lab  
  103  9:31  Marine x6  
  103  9:32  Marine x2  
  103  9:33  Siege Tank  
  103  9:34  Marine  
  115  9:39  Armory  
  115  9:40  Sensor Tower  
  115  9:41  Engineering Bay  
  115  9:49  Siege Tank, Marine x7  
  115  9:50  Marine  
  115  9:51  Marine  
  115  9:52  SCV x2  
  129  9:57  SCV  
  130  10:07  Supply Depot, Marine x3  
  130  10:09  Marine  
  130  10:10  Marine  
  130  10:11  Supply Depot  
Tags
 
Add a new tag
Caveats
  • Supply blocks, unpowered buildings, or Contaminate may cause inaccurate times.
  • Supply counts are checked every 10 seconds.